 Dungeon Crawl Stone Soup version 0.28.0 (webtiles) character file.

Game seed: 13835255624276059726

23 mortz the Conjurer (level 3, -3/24 HPs)
             Began as a Human Conjurer on Feb 15, 2022.
             Slain by a worm (7 damage)
             ... on level 2 of the Dungeon.
             The game lasted 00:08:24 (1017 turns).

mortz the Conjurer (Human Conjurer)                 Turns: 1017, Time: 00:08:25

Health: -3/24      AC:  2    Str:  7    XL:     3   Next: 10%
Magic:  1/6        EV: 12    Int: 20    God:
Gold:   61         SH:  0    Dex: 11    Spells: 5/6 levels left

rFire   . . .      SeeInvis .   h - +0 short sword
rCold   . . .      Faith    .   (no shield)
rNeg    . . .      Spirit   .   a - +0 robe
rPois   .          Reflect  .   (no helmet)
rElec   .          Harm     .   (no cloak)
rCorr   .          Rampage  .   (no gloves)
Will    .....                   (no boots)
Stlth   ++........              (no amulet)
HPRegen 0.08/turn               (no ring)
MPRegen 0.10/turn               (no ring)

@: no status effects
A: no striking features
a: no special abilities


You were on level 2 of the Dungeon.
You visited 1 branch of the dungeon, and saw 2 of its levels.

You collected 61 gold pieces.

Inventory:

Hand Weapons
 d - a +0 spear
 h - a +0 short sword (weapon)
Armour
 a - a +0 robe (worn)
Scrolls
 c - 2 scrolls of identify
 f - a scroll of blinking {unknown}
 g - a scroll of amnesia {unknown}
Potions
 b - 2 potions of brilliance


   Skills:
 + Level 2.1 Dodging
 + Level 2.0 Stealth
 + Level 2.4 Spellcasting
 + Level 4.4 Conjurations


You had 5 spell levels left.
You knew the following spells:

 Your Spells              Type           Power      Damage    Failure   Level
a - Magic Dart            Conj           80%        1d7       2%          1

Your spell library contained the following spells:

 Spells                   Type           Power      Damage    Failure   Level
 Searing Ray              Conj           40%        2d5       3%          2
 Dazzling Flash           Conj/Hex       22%        N/A       19%         3
 Fulminant Prism          Conj/Hex       5%         3d7       52%         4
 Iskenderun's Mystic Bla  Conj/Tloc      11%        2d4       52%         4


Dungeon Overview and Level Annotations

Branches:
Dungeon (2/15)

Altars:


Message History

The magic dart hits the worm but does no damage.
The worm is moderately wounded.
Aiming: Magic Dart (safe; 2% risk of failure)
Press: ? - help, Q - select action Shift-Dir - straight line, f/p - worm
Aim: a worm (lightly wounded, 100% to hit)
The magic dart hits the worm.
The worm is moderately wounded.
Aiming: Magic Dart (safe; 2% risk of failure)
Press: ? - help, Q - select action Shift-Dir - straight line, f/p - worm
Aim: a worm (moderately wounded, 100% to hit)
The magic dart hits the worm.
The worm is moderately wounded.
The worm bites you.
Aiming: Magic Dart (safe; 2% risk of failure)
Press: ? - help, Q - select action Shift-Dir - straight line, f/p - worm
Aim: a worm (moderately wounded, 100% to hit)
The magic dart hits the worm!
The worm is severely wounded.
You hit the worm.
The worm is almost dead.
The worm misses you.
You hit the worm.
The worm is almost dead.
The worm bites you.
You barely miss the worm.
The worm is almost dead.
You barely miss the worm.
The worm is almost dead.
The worm bites you!
You hit the worm but do no damage.
The worm is almost dead.
The worm bites you.
* * * LOW HITPOINT WARNING * * *
Unknown command.
You hit the worm.
The worm is almost dead.
You barely miss the worm.
The worm is almost dead.
The worm bites you!
You die...

#.# +# #.#
.. (.#
#.####.#
+.w@.#.#
#.#..#.#
####.##'#.#
..........#
..#
####.##'#.#
#.# +
+..#.# #.#
#..#.# #.#
##.####.###
#.#
..........#
#.#


You could see a worm.

Vanquished Creatures
  4 ball pythons
  2 goblins (D:1)
  3 hobgoblins (D:1)
  2 jackals (D:1)
  2 bats (D:1)
  6 frilled lizards
  2 kobolds (D:1)
  A rat (D:1)
22 creatures vanquished.

Notes
Turn   | Place    | Note
-------+----------+-------------------------------------------
     0 | D:1      | mortz the Human Conjurer began the quest for the Orb.
     0 | D:1      | Reached XP level 1. HP: 13/13 MP: 3/3
   157 | D:1      | Reached XP level 2. HP: 19/19 MP: 3/5
   290 | D:1      | Found a faded altar of an unknown god.
   699 | D:1      | Reached XP level 3. HP: 22/24 MP: 0/6
  1017 | D:2      | Slain by a worm

Illustrated notes

Levels and vault maps discovered:
D:1:      lightli_arrival_boilingwater, layout_basic,
          shapermc_ecumenical_altar_acropolis
D:2:      minmay_door_path, layout_loops_ring, basic_altar, hex_tiny,
          skrybe_limestone_x

Action                   || total
-------------------------++-------
Melee: Unarmed           ||     1
       Short sword       ||    15
 Cast: Magic Dart        ||    43
  Use: Scroll            ||     1
Armor: Robe              ||     1
Dodge: Dodged            ||     8
